AoeStats
← Faatig

Arabia

508915708Analyzed
3v3 RM · 9d ago on Sep 24, 2026· 48m 57s· 6 players
Game mode
Random Map
Map size
Normal (6 player)
Population
200
Speed
Normal
Resources
Standard
Victory
Conquest
Starting age
Dark Age
Ending age
Imperial Age
RankedLock teamsTeams togetherTeam positionsShared explorationLock speedFull tech treeHidden civsTurbo modeCheats
Victory
Defeat
🇹🇷 Huns · Türkiye
911
+12
🇹🇷 Magyars · Türkiye
911
+12
🇹🇷 Britons · Türkiye
887
+13
🇨🇱 Byzantines · Chile
859
-14
🇨🇳 Huns · China
821
-18
🇫🇷 Persians · France
781
-11
luka
9:45 Feudal Age
17:39 Double-Bit Axe
17:37 Horse Collar
23:30 Castle Age
29:48 Stone Mining
29:48 Gold Mining
30:20 Padded Archer Armor
30:11 Fletching
30:22 Scale Mail Armor
41:36 Imperial Age
raz_mary
9:51 Feudal Age
15:51 Loom
22:05 Castle Age
20:54 Double-Bit Axe
24:44 Town Watch
25:39 Squires
28:17 Forging
GENERALisimo32
1:21 Loom
12:30 Feudal Age
13:25 Double-Bit Axe
13:40 Horse Collar
17:40 Wheelbarrow
21:07 Castle Age
19:04 Gold Mining
22:42 Bow Saw
23:07 Heavy Plow
26:57 Gold Shaft Mining
31:54 Imperial Age
31:35 Pikeman
32:01 Arson
31:41 Elite Skirmisher
33:38 Hand Cart
34:32 Two-Man Saw
39:41 Conscription
40:27 Halberdier
43:55 Chemistry
45:25 Elite Varangian Guard
ademhalit
12:05 Feudal Age
15:28 Stone Mining
17:44 Castle Age
16:02 Double-Bit Axe
16:04 Horse Collar
17:13 Stone Mining
17:27 Gold Mining
19:43 Wheelbarrow
18:53 Town Watch
20:40 Hand Cart
21:18 Heavy Plow
22:38 Bow Saw
22:20 Loom
25:14 Husbandry
25:24 Bloodlines
26:53 Padded Archer Armor
26:43 Fletching
30:33 Leather Archer Armor
31:20 Marauders
31:55 Bodkin Arrow
32:06 Scale Barding Armor
32:11 Forging
33:46 Thumb Ring
34:22 Chain Barding Armor
35:28 Ballistics
35:28 Caravan
38:19 Imperial Age
37:45 Iron Casting
39:07 Bracer
39:43 Plate Barding Armor
40:24 Blast Furnace
41:39 Elite Tarkan
43:35 Chemistry
47:38 Parthian Tactics
46:34 Heavy Cavalry Archer
Faatig
7:19 Loom
9:55 Feudal Age
12:02 Double-Bit Axe
14:24 Horse Collar
21:25 Castle Age
20:05 Bloodlines
20:03 Scale Barding Armor
20:32 Gold Mining
22:48 Bow Saw
24:29 Chain Barding Armor
27:07 Wheelbarrow
28:00 Husbandry
29:13 Stone Mining
32:23 Heavy Plow
33:23 Hand Cart
35:13 Gold Shaft Mining
38:38 Imperial Age
39:03 Masonry
38:43 Cavalier
40:39 Plate Barding Armor
40:42 Paladin
42:20 Conscription
42:29 Fletching
43:01 Ballistics
42:49 Siege Engineers
42:11 Capped Ram
43:12 Elite Magyar Huszar
47:46 Chemistry
ReuZess
11:05 Feudal Age
11:42 Horse Collar
11:50 Double-Bit Axe
15:00 Gold Mining
21:19 Castle Age
22:43 Stone Mining
23:31 Gold Shaft Mining
22:44 Gambesons
22:22 Elite Skirmisher
23:22 Forging
24:48 Heavy Plow
25:33 Pikeman
26:14 Squires
29:30 Town Watch
30:25 Wheelbarrow
30:50 Iron Casting
30:15 Scale Mail Armor
30:53 Iron Casting
30:18 Scale Mail Armor
31:53 Hand Cart
31:39 Town Patrol
31:55 Fletching
32:06 Padded Archer Armor
32:37 Yeomen
34:59 Bodkin Arrow
35:20 Leather Archer Armor
36:38 Bow Saw
39:13 Imperial Age
39:20 Leather Archer Armor
39:22 Chain Mail Armor
40:11 Bracer
40:42 Ring Archer Armor
41:13 Blast Furnace
41:24 Caravan
41:56 Coinage
41:46 Guilds
41:13 Elite Longbowman
42:37 Plate Mail Armor
44:36 Ballistics
Connection lost

Rejoining the realm…

Still unreachable

The connection could not be restored.

Session expired

The server has moved on; the page needs a fresh start.